 Dungeon Crawl Stone Soup version 0.28.0-43-g3370ac3207 (webtiles) character file.

Game seed: 18424261551940849694

442 Gabide the Purveyor of Pain (level 6, -2/44 HPs)
             Began as a Mummy Necromancer on Feb 28, 2022.
             Was an Initiate of Kikubaaqudgha.
             Killed by divine providence
             ... invoked by an orc priest
              (11 damage)
             ... on level 4 of the Dungeon.
             The game lasted 00:09:43 (4834 turns).

Gabide the Purveyor of Pain (Mummy Necromancer)     Turns: 4834, Time: 00:09:44

Health: -2/44      AC:  3    Str: 11    XL:     6   Next: 71%
Magic:  0/14       EV: 12    Int: 16    God:    Kikubaaqudgha [......]
Gold:   95         SH:  0    Dex: 13    Spells: 3/16 levels left

rFire   x . .      SeeInvis .   (no weapon)
rCold   + . .      Faith    .   (no shield)
rNeg    + + +      Spirit   .   a - +0 robe
rPois   ∞          Reflect  .   (no helmet)
rElec   .          Harm     .   (no cloak)
rCorr   .          Rampage  .   i - +0 pair of gloves
Will    .....                   (no boots)
Stlth   ++........              c - amulet of the acrobat
HPRegen 0.14/turn               (no ring)
MPRegen 0.14/turn               (no ring)

@: no status effects
A: cold resistance 1, negative energy resistance 3, torment resistance 2, heat
vulnerability 1, no potions
a: Renounce Religion


You were on level 4 of the Dungeon.
You worshipped Kikubaaqudgha.
Kikubaaqudgha was noncommittal.
You visited 1 branch of the dungeon, and saw 4 of its levels.

You collected 95 gold pieces.

Inventory:

Armour
 a - a +0 robe (worn)
 i - a +0 pair of gloves (worn)
Jewellery
 c - an amulet of the acrobat (around neck)
Wands
 h - a wand of flame (17)
 k - a wand of iceblast (6)
Scrolls
 b - a scroll of brand weapon {unknown}
 d - 4 scrolls of identify {unknown}
 e - a scroll of immolation {unknown}
 f - a scroll of fog {unknown}
 g - a scroll of noise {unknown}
 j - a scroll of blinking {unknown}


   Skills:
 * Level 2.0 Fighting
 * Level 2.5 Dodging
 + Level 2.0 Stealth
 + Level 0.2 Unarmed Combat
 * Level 5.5 Spellcasting
 * Level 5.8 Necromancy


You had 3 spell levels left.
You knew the following spells:

 Your Spells              Type           Power      Damage    Failure   Level
a - Pain                  Necr           92%        1d8       1%          1
b - Vampiric Draining     Necr           23%        2d7       3%          3
c - Animate Dead          Necr           11%        N/A       13%         4
d - Agony                 Necr           23%        N/A       34%         5

Your spell library contained the following spells:

 Spells                   Type           Power      Damage    Failure   Level
 Animate Skeleton         Necr           46%        N/A       1%          1
 Shock                    Conj/Air       16%        1d4       14%         1
 Summon Small Mammal      Summ           16%        N/A       14%         1
 Scorch                   Fire           8%         2d5       22%         2
 Call Canine Familiar     Summ           4%         N/A       41%         3
 Summon Guardian Golem    Hex/Summ       4%         N/A       41%         3
 Swiftness                Air            4%         N/A       41%         3
 Airstrike                Air            2%         N/A       82%         4
 Flame Wave               Conj/Fire      4%         2d5       82%         4
 Summon Cactus Giant      Summ           2%         N/A       100%        6


Dungeon Overview and Level Annotations

Branches:
Dungeon (4/15)
 Temple: D:4-7

Altars:
Kikubaaqudgha


Innate Abilities, Weirdness & Mutations

You are immune to poison.
Your flesh is cold resistant. (rC+)
You are immune to negative energy. (rN+++)
You are immune to unholy pain and torment.
You are vulnerable to heat. (rF-)
You do not drink.


Message History

You are too injured to fight recklessly!
You are too injured to fight recklessly!
You are too injured to fight recklessly!
You are too injured to fight recklessly!
You are too injured to fight recklessly!
You are too injured to fight recklessly!
You are too injured to fight recklessly!
You are too injured to fight recklessly!
You are too injured to fight recklessly!
You are too injured to fight recklessly!
You are too injured to fight recklessly!
You are too injured to fight recklessly!
You are too injured to fight recklessly!
You are too injured to fight recklessly!
You are too injured to fight recklessly!
You are too injured to fight recklessly!
Aiming: Pain (safe; 1% risk of failure)
Press: ? - help, Q - select action, (/) - cycle Shift-Dir - straight line, f/p - orc priest
Aim: an orc priest, wielding a +0 dagger and wearing a +0 leather armour (heavily wounded, chance to affect: 81%)
The orc priest writhes in agony.
The orc priest hits you with a +0 dagger.
* * * LOW HITPOINT WARNING * * *
Aiming: Pain (safe; 1% risk of failure)
Press: ? - help, Q - select action, (/) - cycle Shift-Dir - straight line, f/p - orc priest
Aim: an orc priest, wielding a +0 dagger and wearing a +0 leather armour (heavily wounded, chance to affect: 81%)
The orc priest writhes in agony.
The orc priest closely misses you.
You barely miss the orc priest.
The orc priest is severely wounded.
The orc priest barely misses you.
You hit the orc priest.
The orc priest is severely wounded.
The orc priest hits you with a +0 dagger.
* * * LOW HITPOINT WARNING * * *
You hit the orc priest but do no damage.
The orc priest is severely wounded.
The orc priest invokes the aid of Beogh against you.
Beogh smites you!
You die...
Kikubaaqudgha rasps: "You have failed me!
Welcome... oblivion!"

## . .# ...
#####)#....$
#<.@o)..#
####.####
###


You could see an orc priest.

Vanquished Creatures
  Sigmund (D:2)
  A vampire bat (D:3)
  An orc priest (D:4)
  Jessica (D:2)
  Natasha (thrice) (D:2)
  Robin (D:2)
  A gnoll (D:1)
  2 adders (D:2)
  A worm (D:3)
  A dart slug (D:3)
  3 orcs
  3 bat skeletons (D:3)
  3 bat zombies (D:3)
  3 endoplasms
  3 giant cockroaches
  10 goblins
  5 hobgoblins
  7 jackals
  3 quokkas
  8 ball pythons
  3 bats
  4 frilled lizards
  7 kobolds
  5 rats
80 creatures vanquished.

Vanquished Creatures (collateral kills)
  A hobgoblin (D:2)
1 creature vanquished.

Vanquished Creatures (others)
  14 plants (D:1)
14 creatures vanquished.

Grand Total: 95 creatures vanquished

Notes
Turn   | Place    | Note
-------+----------+-------------------------------------------
     0 | D:1      | Gabide the Mummy Necromancer began the quest for the Orb.
     0 | D:1      | Reached XP level 1. HP: 13/13 MP: 4/4
   161 | D:1      | Reached XP level 2. HP: 20/20 MP: 1/5
   579 | D:1      | Reached skill level 1 in Fighting
  1004 | D:1      | Reached XP level 3. HP: 24/26 MP: 3/7
  1056 | D:1      | Learned a level 3 spell: Vampiric Draining
  1514 | D:2      | Noticed Natasha
  1811 | D:2      | Killed Natasha
  1812 | D:2      | Reached XP level 4. HP: 32/32 MP: 3/9
  1899 | D:2      | Learned a level 4 spell: Animate Dead
  2030 | D:2      | Noticed Natasha
  2513 | D:2      | Noticed Robin
  2542 | D:2      | Killed Robin
  2698 | D:2      | Noticed Sigmund
  2705 | D:2      | Killed Sigmund
  2706 | D:2      | Reached skill level 5 in Spellcasting
  2706 | D:2      | Reached skill level 5 in Necromancy
  2706 | D:2      | Reached XP level 5. HP: 38/38 MP: 3/12
  3439 | D:2      | Killed Natasha
  3440 | D:2      | Reached XP level 6. HP: 37/44 MP: 8/13
  3446 | D:2      | Learned a level 5 spell: Agony
  3650 | D:2      | Noticed Jessica
  3655 | D:2      | Killed Jessica
  3777 | D:2      | Noticed Natasha
  3782 | D:2      | Killed Natasha
  4195 | D:3      | Found an ancient bone altar of Kikubaaqudgha.
  4237 | D:3      | Became a worshipper of Kikubaaqudgha
  4834 | D:4      | Killed from afar by an orc priest

Illustrated notes

Levels and vault maps discovered:
D:1:      amcnicky_arrival_abandoned_market, layout_loops_ring,
          nicolae_grassy_gnolls
D:2:      layout_basic, uniq_natasha, uniq_sigmund, uniq_jessica, uniq_robin
D:3:      layout_basic, kennysheep_vampire_church,
          chequers_serial_rivers_micro_e
D:4:      layout_basic, nicolae_overflow_hallway_of_the_gods, uniq_ijyb,
          uniq_edmund

Skill      XL: |  1  2  3  4  5  6 |
---------------+-------------------+-----
Spellcasting   | 3 5 |  5.5
Fighting       | 1 2 |  2.0
Dodging        | 2 |  2.5
Necromancy     | 5 |  5.8
Stealth        | 2 |  2.0
Unarmed Combat | |  0.2

Action                   |  1- 3 |  4- 6 || total
-------------------------+-------+-------++-------
Melee: Unarmed           |     5 |   100 ||   105
       Punch             |       |     4 ||     4
 Cast: Pain              |    56 |    88 ||   144
       Vampiric Draining |     1 |     3 ||     4
       Animate Dead      |       |     2 ||     2
  Use: Scroll            |       |     1 ||     1
 Stab: Sleeping          |       |     1 ||     1
Armor: Robe              |     2 |    66 ||    68
Dodge: Dodged            |    14 |   161 ||   175
